 Dungeon Crawl Stone Soup version 0.22-a0-185-ge330310 (webtiles) character file.

637 Gorglomux the Cudgeler (level 7, -1/56 HPs)
             Began as a Human Skald on Feb 15, 2018.
             Was an Initiate of Gozag.
             Splashed by a jelly's acid (8 damage)
             ... on level 5 of the Dungeon.
             The game lasted 00:08:38 (5646 turns).

Gorglomux the Cudgeler (Human Skald)                Turns: 5646, Time: 00:08:39

Health: -1/56      AC: -8    Str: 14    XL:     7   Next: 80%
Magic:  10/10      EV:  7    Int: 13    God:    Gozag
Gold:   481        SH:  0    Dex: 14    Spells: 9/10 levels left

rFire    + . .     SeeInvis .   a - +0 mace
rCold    . . .     Gourm    .   (no shield)
rNeg     . . .     Faith    .   v - +0 chain mail
rPois    .         Spirit   .   (no helmet)
rElec    .         Reflect  .   (no cloak)
rCorr    .         Harm     .   (no gloves)
MR       .....                  (no boots)
Stlth    ..........             (no amulet)
HPRegen  0.00/turn              f - +3 ring of protection
MPRegen  0.12/turn              (no ring)

@: corroded
A: agile 1, fire resistance 1, inhibited regeneration
a: Potion Petition, Call Merchant, Bribe Branch, Renounce Religion


You were on level 5 of the Dungeon.
You worshipped Gozag.
Gozag was aware of your devotion.
You were hungry.

You visited 1 branch of the dungeon, and saw 5 of its levels.

You collected 521 gold pieces.
You paid 40 gold pieces to Gozag.

Inventory:

Hand Weapons
 a - a +0 mace (weapon)
Missiles
 j - 3 tomahawks (quivered)
Armour
 v - a +0 chain mail (worn)
Jewellery
 f - a +3 ring of protection (left hand)
Scrolls
 e - 2 scrolls of enchant weapon {unknown}
 g - 4 scrolls of remove curse
 m - 2 scrolls of amnesia {unknown}
 o - a scroll of fear
 q - a scroll of random uselessness {unknown}
 r - a scroll of enchant armour {unknown}
 t - a scroll of teleportation {unknown}
 R - 4 scrolls of identify
Potions
 u - a potion of flight
 S - a potion of brilliance {unknown}
 T - a potion of heal wounds {unknown}
Books
 c - a book of Battle

   Spells                             Type                      Level
   a - Infusion                       Charms                       1
   b - Shroud of Golubria             Charms/Translocation         2
   c - Song of Slaying                Charms                       2
   d - Spectral Weapon                Hexes/Charms                 3
   e - Regeneration                   Charms/Necromancy            3
Comestibles
 d - 5 rations


   Skills:
 + Level 5.6 Fighting
 + Level 5.6 Maces & Flails
 - Level 1.8 Armour
 - Level 2.5 Dodging
 - Level 2.0 Spellcasting
 - Level 3.0 Charms


You had 9 spell levels left.
You knew the following spells:

 Your Spells              Type           Power        Failure   Level  Hunger
a - Infusion              Chrm           #...         89%         1    ##.....


Dungeon Overview and Level Annotations

Branches:
Dungeon (5/15)
 Temple: D:4-7

Altars:
Gozag
Ru

Annotations:
D:3 Pikel


Innate Abilities, Weirdness & Mutations

You are agile. (Dex +2)
Your flesh is heat resistant. (rF+)
You do not regenerate when monsters are visible.


Message History

You are too injured to fight recklessly!!!
You beat the jelly but do no damage!
Butt's hands burn!!!
The jelly hits you!
You are splashed with acid!!!
The acid butts!!! * * * don't die
* * * You are too injured to fight recklessly!!!
There is a stone butt leading up, spattered with blood butt!
You see here a tomahawk!
Found 9 gold pieces!
You see here a tomahawk!
Found 27 stones!
You aren't carrying any items that you can evoke!
A sky beast comes into view!
Found 25 sling bullets and a diamond ring!
Found a stone staircase leading down!
A scorpion comes into view!
The jelly hits you! * * * don't die
* * * The acid corrodes you!!!
You are butt with acid!!!
The acid burns!!! rip Your body crumbles into a pile of gold!

...........<.....
#####..#......<.....
#.........##.($.....
#.........##(....... .
#.#.....(.#.(....... #.
................../.
#..
#.##.##.###(..######
##..#.#..##.# (.......
#+.....#@###.#.....####
#.....#.J#...#.......
..P≈P...##.###$..#.###
..P≈P............#.#
⌠..P..s..........#.#
..........Y......#
..##.......>.....# #
#..............#
#.........(=..#..


You could see a scorpion and a jelly.

Vanquished Creatures
  3 slaves (D:4)
  2 ogres (D:4)
  A centaur (D:4)
  Blork the orc (D:3)
  A scorpion (D:4)
  A crimson imp (D:5)
  2 hounds (D:4)
  A centaur skeleton (D:4)
  A worker ant (D:3)
  5 adders
  A shadow imp (D:4)
  2 oozes
  2 worms (D:3)
  A dart slug (D:1)
  3 leopard geckos
  3 orcs
  4 bats
  3 giant cockroaches
  2 goblins (D:1)
  2 hobgoblins
  19 jackals
  2 quokkas
  5 frilled lizards
  5 kobolds
  A leopard gecko zombie (D:3)
  5 rats
78 creatures vanquished.

Notes
Turn   | Place    | Note
-------+----------+-------------------------------------------
     0 | D:1      | Gorglomux the Human Skald began the quest for the Orb.
     0 | D:1      | Reached XP level 1. HP: 16/16 MP: 3/3
   319 | D:1      | Reached XP level 2. HP: 19/22 MP: 1/5
   630 | D:1      | Reached XP level 3. HP: 28/28 MP: 4/6
  1305 | D:2      | Found a sacrificial altar of Ru.
  1789 | D:3      | Found an opulent altar of Gozag.
  1795 | D:3      | Became a worshipper of Gozag Ym Sagoz the Greedy
  1876 | D:3      | Reached XP level 4. HP: 34/34 MP: 7/7
  2019 | D:3      | Reached skill level 3 in Fighting
  2155 | D:3      | Reached skill level 3 in Maces & Flails
  2401 | D:3      | Reached XP level 5. HP: 41/41 MP: 3/8
  2577 | D:4      | Noticed Pikel
  2627 | D:3      | Gained mutation: Your flesh is heat resistant. (rF+) [potion of mutation]
  2627 | D:3      | Gained mutation: You do not regenerate when monsters are visible. [potion of mutation]
  2627 | D:3      | Gained mutation: You are agile. (Dex +2) [potion of mutation]
  3046 | D:4      | Noticed an ogre
  3054 | D:4      | Killed an ogre
  3054 | D:4      | Reached XP level 6. HP: 33/48 MP: 9/9
  3542 | D:4      | Noticed a slave
  3577 | D:4      | Noticed a slave
  3579 | D:4      | Killed a slave
  3607 | D:4      | Killed a slave
  4080 | D:4      | Noticed a slave
  4096 | D:4      | Killed a slave
  4395 | D:5      | Entered Level 5 of the Dungeon
  4395 | D:5      | Noticed an ogre
  4399 | D:5      | Noticed Blork the orc
  4404 | D:4      | Killed an ogre
  4603 | D:4      | Reached XP level 7. HP: 16/55 MP: 10/10
  5195 | D:3      | Killed Blork the orc
  5646 | D:5      | Splashed by a jelly's acid

Vault maps used:
D:1:      dpeg_arrival_orchard
D:2:      nicolae_ru_awakened_eye
D:3:      nrook_uturn, grunt_gozag_statues
D:4:      minmay_door_path, uniq_pikel
D:5:      tso_oasis_becter, eat_drink_and_be_merry_uskayaw,
          kennysheep_slug_shrine, first_ration, uniq_blork_the_orc,
          uniq_eustachio

Skill      XL: |  1  2  3  4  5  6  7 |
---------------+----------------------+-----
Fighting       | 3 4 5 |  5.6
Maces & Flails | 3 4 5 |  5.6
Armour         | |  1.8
Dodging        | |  2.5
Spellcasting   | |  2.0
Charms         | |  3.0

Action                   |  1- 3 |  4- 6 |  7- 9 || total
-------------------------+-------+-------+-------++-------
Melee: Mace              |    71 |   269 |    81 ||   421
Throw: Tomahawk          |     3 |     4 |     7 ||    14
 Cast: Infusion          |    13 |     7 |       ||    20
Invok: Potion Petition   |     1 |       |       ||     1
  Use: Potion            |     2 |     3 |       ||     5
       Scroll            |       |     4 |       ||     4
 Stab: Sleeping          |     1 |     1 |       ||     2
  Eat: Chunk             |     2 |       |       ||     2
       Ration            |     1 |     2 |     1 ||     4
Armor: Leather armour    |    28 |    16 |       ||    44
       Skin              |     1 |       |       ||     1
       Chain mail        |       |   144 |   107 ||   251
Dodge: Dodged            |    55 |   126 |    49 ||   230

Table legend:
 A = Spawn XP
 B = Non-spawn XP
 C = Spawn XP percentage of total XP
 D = Spawn monster count
 E = Non-spawn monster count
 F = Spawn count percentage of total count
 G = Total turns spent on level
                    A         B        C        D         E        F      G
               +---------+---------+-------+---------+---------+-------+---------
         Total |       0 |     911 |   0.0 |       0 |      75 |   0.0 |  5646
               +---------+---------+-------+---------+---------+-------+---------
           D:1 |       0 |      34 |   0.0 |       0 |      17 |   0.0 |  1076
           D:2 |       0 |      25 |   0.0 |       0 |       7 |   0.0 |   670
           D:3 |       0 |     180 |   0.0 |       0 |      19 |   0.0 |  1316
           D:4 |       0 |     611 |   0.0 |       0 |      30 |   0.0 |  2501
           D:5 |       0 |      61 |   0.0 |       0 |       2 |   0.0 |    83
               +---------+---------+-------+---------+---------+-------+---------
